 Dungeon Crawl Stone Soup version 0.19-a0-1851-g3228ea0 (webtiles) character file.

464 tyvek the Insei (level 6, -2/70 HPs)
             Began as a Draconian Transmuter on Oct 10, 2016.
             Was a Follower of Cheibriados.
             Slain by an iguana (4 damage)
             ... on level 5 of the Dungeon.
             The game lasted 00:13:19 (5053 turns).

tyvek the Insei (Draconian Transmuter)              Turns: 5053, Time: 00:13:19

Health: -2/70      AC: 23    Str: 15    XL:     6   Next: 80%
Magic:  4/9        EV:  2    Int: 15    God:    Cheibriados [*.....]
Gold:   69         SH:  0    Dex: 15    Spells: 2 memorised, 6 levels left

rFire  . . .     SeeInvis .       - Unarmed
rCold  . . .     Gourm    .     (armour unavailable)
rNeg   + + +     Faith    .     (no shield)
rPois  +         Spirit   .     (helmet currently unavailable)
rElec  .         Dismiss  .     (cloak currently unavailable)
rCorr  .         Reflect  .     (gloves currently unavailable)
MR     .....     Harm     .     (boots currently unavailable)
Stlth  +......... NoTele   +    (no amulet)
                                (no ring)
                                (no ring)

@: tree-form, very slow
A: unfitting armour, (cold-blooded), AC +6
a: Bend Time, Renounce Religion


You were on level 5 of the Dungeon.
You worshipped Cheibriados.
Cheibriados was aware of your devotion.
You were not hungry.
You were a tree.
You visited 2 branches of the dungeon, and saw 6 of its levels.

You collected 179 gold pieces.
You spent 110 gold pieces at shops.


Innate Abilities, Weirdness & Mutations

((Your plain brown scales are hard. (AC +6)))
You cannot fit into any form of body armour.
((You are cold-blooded and may be slowed by cold attacks.))


   Skills:
 - Level 1.1 Fighting
 - Level 1.7 Dodging
 * Level 6.6 Unarmed Combat
 - Level 2.0 Spellcasting
 + Level 4.4 Transmutations


You had 6 spell levels left.
You knew the following spells:

 Your Spells              Type           Power        Failure   Level  Hunger
t - Sticks to Snakes      Tmut           ##......     8%          2    ###....
z - Beastly Appendage     Tmut           ##....       4%          1    #......

Inventory:

Hand Weapons
 a - the +2 dagger "Sufoleh" {freeze, +Blink rC- Dex+4 SInv}
   (You found it on level 4 of the Dungeon)

   It has been specially enchanted to freeze those struck by it, causing extra
   injury to most foes and up to half again as much damage against particularly
   susceptible opponents.
   It can also slow down cold-blooded creatures.
   It affects your dexterity (+4).
   It makes you vulnerable to cold.
   It lets you see invisible.
   It lets you blink.
Missiles
 s - 13 arrows
Armour
 l - a +0 pair of gloves (melded)
 r - a +2 buckler
Wands
 o - a wand of slowing (30/48)
Scrolls
 e - a scroll of enchant weapon {unknown}
 g - 4 scrolls of remove curse {@r2}
 j - a scroll of immolation {unknown}
 m - 3 scrolls of teleportation {@r4}
 p - a scroll of blinking {unknown}
Potions
 d - a potion of brilliance
 h - a potion of might
 i - a potion of mutation {!q}
 q - a potion of agility
Books
 b - a book of Changes

   Spells                             Type                      Level
   a - Beastly Appendage              Transmutation                1
   b - Sticks to Snakes               Transmutation                2
   c - Spider Form                    Transmutation/Poison         3
   d - Ice Form                       Ice/Transmutation            4
   e - Blade Hands                    Transmutation                5
Comestibles
 c - 4 bread rations {@e1}
 k - 3 fruits {@e2}

Dungeon Overview and Level Annotations

Branches:
Dungeon (5/15)             Temple (1/1) D:4

Altars:
Ashenzari
Cheibriados
Dithmenos
Makhleb
Nemelex Xobeh
Okawaru
Qazlal
Sif Muna
Uskayaw
Vehumet
Xom
Yredelemnul
Zin
The Shining One

Shops:
D:4

? #.......###...#.#..#######
#####....................#
#.#.###...#..###'###.#
##.#..........# #.# #.#
##.........##..###.###.#
#..#####...##..###_..'.##
##.##.(?##..###.###.###..#
#..#).∩55#..###.# #.# #..####
#..##$..##..Yl♣.###+###.....#
#...#####....##.........###.#
#.#.......#..####..#.#### #.#
#.#########..####.##.######.#
###.............[.<........##.#
#.....#######..####.##.###.##.#
......# ##.<......##.###.##.#
#.###.# #.........##..[.)...#
.....(# ##...###########.####


You could see an ice beast, an iguana and 2 quasits.


Message History

Your adder barely misses the iguana.
The iguana bites your adder!
Your adder barely misses the iguana.
The iguana bites your adder!
Your adder dies!
The iguana hisses menacingly.
The iguana misses you.
Cheibriados says: Become a yellow draconian!
Casting: Sticks to Snakes
Confirm with . or Enter, or press ? or * to list all spells.
You don't know that spell.
Casting: Sticks to Snakes
Confirm with . or Enter, or press ? or * to list all spells.
You grow a pair of large bovine horns.
The iguana bites you!
* * * LOW HITPOINT WARNING * * *
Unknown command.
It was a potion of lignification.
Your horns disappear.
You turn into a tree.
Your +0 pair of gloves melds into your body.
Your roots penetrate the ground.
The iguana bites you but does no damage.
You hit the iguana.
The iguana is lightly wounded.
The iguana bites you.
* * * LOW HITPOINT WARNING * * *
You hit the iguana but do no damage.
The iguana bites you but does no damage.
You hit the iguana but do no damage.
The iguana bites you but does no damage.
You hit the iguana but do no damage. The iguana bites you.
You die...

Skill      XL: |  1  2  3  4  5  6 |
---------------+-------------------+-----
Unarmed Combat | 4 5 6 |  6.6
Transmutations | 3 4 |  4.4
Fighting       | |  1.1
Dodging        | |  1.7
Spellcasting   | |  2.0

Action                   |  1- 3 |  4- 6 || total
-------------------------+-------+-------++-------
Melee: Unarmed           |   175 |   204 ||   379
       Headbutt          |     8 |     7 ||    15
       Tailslap          |    17 |    21 ||    38
       Punch             |     6 |     3 ||     9
       Kick              |     2 |    27 ||    29
 Cast: Beastly Appendage |    13 |    24 ||    37
       Sticks to Snakes  |     3 |    18 ||    21
 Abil: End Transformatio |     1 |       ||     1
       Evoke Blink       |       |     1 ||     1
Evoke: Wand              |       |     4 ||     4
  Use: Scroll            |       |     7 ||     7
       Potion            |       |     6 ||     6
 Stab: Invisible         |       |     1 ||     1
  Eat: Chunk             |     6 |     3 ||     9
       Meat ration       |       |     1 ||     1
       Beef jerky        |       |     1 ||     1
Armor: Skin              |    62 |    62 ||   124
Dodge: Dodged            |   105 |   110 ||   215

Vault maps used:
D:1:      grunt_arrival_crossed_arrows, nemelex_diamond_rough_becter
D:2:      kennysheep_generic_room_8
D:3:      ecumenical_altar_1
D:4:      overflow_temple_1_default, serial_shops, kennysheep_mini, first_bread,
          gup_sewer_entry_bowl, hangedman_decor_diamond_cutter,
          grunt_qazlal_clouds
D:5:      cheibrodos_quashed, lemuel_doored_altar, basic_altar, st_stairs_7,
          minmay_checkerbox
Temple:   cyrus_temple_forest

Notes
Turn   | Place    | Note
-------+----------+-------------------------------------------
     0 | D:1      | tyvek the Draconian Transmuter began the quest for the Orb.
     0 | D:1      | Reached XP level 1. HP: 16/16 MP: 3/3
   294 | D:1      | Reached XP level 2. HP: 20/23 MP: 3/5
   298 | D:1      | Learned a level 2 spell: Sticks to Snakes
   545 | D:1      | Found a sparkling altar of Nemelex Xobeh.
   951 | D:2      | HP: 2/23 [worm (12)]
  1595 | D:2      | Reached XP level 3. HP: 5/28 MP: 3/6
  1985 | D:2      | Reached skill level 4 in Unarmed Combat
  2415 | D:3      | Reached skill level 3 in Transmutations
  2454 | D:3      | Found a faded altar of an unknown god.
  2615 | D:3      | Reached XP level 4. HP: 32/35 MP: 5/7
  2970 | D:4      | Found Kyerphi's Magic Scroll Boutique.
  2973 | D:4      | Bought a scroll of identify for 20 gold pieces
  2973 | D:4      | Bought a scroll of teleportation for 30 gold pieces
  2973 | D:4      | Bought a scroll of teleportation for 30 gold pieces
  2973 | D:4      | Bought a scroll of teleportation for 30 gold pieces
  3021 | D:4      | Found a staircase to the Ecumenical Temple.
  3070 | Temple   | Entered the Ecumenical Temple
  3122 | Temple   | Became a worshipper of Cheibriados the Contemplative
  3198 | D:4      | Found a stormy altar of Qazlal.
  3205 | D:4      | Found a glowing golden altar of the Shining One.
  3352 | D:4      | Got a sapphire dagger
  3584 | D:4      | Identified the +2 dagger "Sufoleh" {freeze, +Blink rC- Dex+4 SInv} (You found it on level 4 of the Dungeon)
  3715 | D:4      | Reached skill level 5 in Unarmed Combat
  3715 | D:4      | Reached XP level 5. HP: 40/40 MP: 8/8
  3910 | D:5      | Entered Level 5 of the Dungeon
  4482 | D:5      | Found a deep blue altar of Sif Muna.
  4587 | D:5      | Reached XP level 6. HP: 34/47 MP: 9/9
  4600 | D:5      | Reached * piety under Cheibriados
  4732 | D:5      | Reached skill level 4 in Transmutations
  4773 | D:5      | Reached skill level 6 in Unarmed Combat
  5018 | D:5      | Noticed an ice beast
  5048 | D:5      | HP: 2/47 [iguana (11)]
  5053 | D:5      | Slain by an iguana

Vanquished Creatures
  2 ogres (D:5)
  2 crimson imps (D:4)
  An orc wizard (D:5)
  An iguana (D:5)
  A worker ant (D:4)
  A worker ant zombie (D:5)
  3 adders
  A river rat (D:4)
  3 worms
  A dart slug (D:3)
  4 leopard geckos
  6 orcs
  3 giant cockroaches
  5 goblins
  5 hobgoblins
  14 jackals
  A quokka (D:5)
  4 bats
  2 frilled lizards
  9 kobolds
  5 rats
74 creatures vanquished.

Vanquished Creatures (collateral kills)
  3 worker ants (D:4)
  A worm (D:2)
4 creatures vanquished.

Grand Total: 78 creatures vanquished
